IL
INDIANAPOLIS INDIANS @ COLORADO SPRINGS SKY SOX
08/06/2047
 
TOP OF THE 1ST
Indianapolis Indians batting - Pitching for Colorado Springs Sky Sox : RHP Dave Spriggs
Pitching: RHP Dave Spriggs
Batting: RHB Andrew Robinson 0-0: Ball
1-0: Ball
2-0: Ball
3-0: Called Strike
3-1: SINGLE (Groundball, 56D, EV 94.4 MPH)
Batting: RHB Chris Pozzi 0-0: Called Strike
Andrew Robinson steals 2nd base
0-1: Swinging Strike
0-2: Strikes out looking
Batting: RHB Luis Ramos 0-0: Ground out 5-3 (Groundball, 56S, EV 64.4 MPH)
Andrew Robinson to third
Batting: LHB Jorge Quintana 0-0: 2-RUN HOME RUN (Flyball, 89XD, EV 110.0 MPH), Distance : 406 ft
Batting: RHB Ron Corn 0-0: Swinging Strike
0-1: Ball
1-1: Called Strike
1-2: Ball
2-2: Strikes out swinging
Top of the 1st over - 2 runs, 2 hits, 0 errors, 0 left on base; Indianapolis 2 - Colorado Springs 0
BOTTOM OF THE 1ST
Colorado Springs Sky Sox batting - Pitching for Indianapolis Indians : RHP Josh Markham
Pitching: RHP Josh Markham
Batting: LHB Steve Gilliam 0-0: Ball
1-0: Foul Ball, location: 2F
1-1: Ball
2-1: Foul Ball, location: 2F
2-2: Foul Ball, location: 2F
2-2: Foul Ball, location: 2F
2-2: Ball
3-2: Foul Ball, location: 2F
3-2: Fly out, F7 (Flyball, 78S, EV 83.1 MPH)
Batting: RHB Ryan Rinaldi 0-0: Ball
1-0: Ball
2-0: Ball
3-0: Called Strike
3-1: SINGLE (Groundball, 6MS, EV 70.0 MPH) (infield hit)
Batting: LHB Chris Salim 0-0: Ball
1-0: Foul Ball, location: 2F
1-1: Ball
2-1: Foul Ball, location: 2F
2-2: Ball
3-2: Foul Ball, location: 2F
3-2: Base on Balls
Ryan Rinaldi to second
Batting: SHB Bobby Santor 0-0: Foul Ball, location: 2F
0-1: Swinging Strike
0-2: Strikes out swinging
Batting: SHB Andy Vivas 0-0: Ball
1-0: Ground out U3 (Groundball, 3, EV 84.4 MPH)
Bottom of the 1st over - 0 runs, 1 hit, 0 errors, 2 left on base; Indianapolis 2 - Colorado Springs 0
TOP OF THE 2ND
Indianapolis Indians batting - Pitching for Colorado Springs Sky Sox : RHP Dave Spriggs
Batting: RHB Caleb Russell 0-0: Foul Ball, location: 2F
0-1: Ball
1-1: Called Strike
1-2: Strikes out swinging
Batting: RHB Richard Barrios 0-0: Foul Ball, location: 2F
0-1: Ball
1-1: Ball
2-1: Ground out 6-3 (Groundball, 6, EV 83.8 MPH)
Batting: RHB Keiji Nakajima 0-0: Foul Ball, location: 2F
0-1: Hit by Pitch
Batting: RHB Slamet Pamungkas 0-0: Foul Ball, location: 2F
0-1: Ball
1-1: Ball
2-1: Swinging Strike
2-2: Strikes out swinging
Top of the 2nd over - 0 runs, 0 hits, 0 errors, 1 left on base; Indianapolis 2 - Colorado Springs 0
BOTTOM OF THE 2ND
Colorado Springs Sky Sox batting - Pitching for Indianapolis Indians : RHP Josh Markham
Batting: SHB Chris Besselman 0-0: Ball
1-0: Foul Ball, location: 2F
1-1: Ball
2-1: Foul Ball, location: 2F
2-2: Ball
3-2: Fly out, F3 (Line Drive, 3, EV 67.5 MPH)
Batting: RHB Justin Williams 0-0: Swinging Strike
0-1: Foul Ball, location: 2F
0-2: Strikes out swinging
Batting: RHB Heitaro Tanaka 0-0: Called Strike
0-1: Ball
1-1: Ground out 5-3 (Groundball, 56S, EV 85.0 MPH)
Bottom of the 2nd over - 0 runs, 0 hits, 0 errors, 0 left on base; Indianapolis 2 - Colorado Springs 0
TOP OF THE 3RD
Indianapolis Indians batting - Pitching for Colorado Springs Sky Sox : RHP Dave Spriggs
Batting: RHB Andrew Robinson 0-0: Ball
1-0: Called Strike
1-1: Foul Ball, location: 2F
1-2: SINGLE (Groundball, 6, EV 95.0 MPH)
Batting: RHB Chris Pozzi 0-0: Ball
Andrew Robinson steals 2nd base
1-0: Foul Ball, location: 2F
1-1: Ball
2-1: Ground out 5-3 (Groundball, 56S, EV 68.1 MPH)
Andrew Robinson to third
Batting: RHB Luis Ramos 0-0: Called Strike
0-1: Ball
1-1: Ball
2-1: Ball
3-1: Foul Ball, location: 2F
3-2: Strikes out swinging
Batting: LHB Jorge Quintana 0-0: Foul Ball, location: 2F
0-1: Ball
1-1: Ball
2-1: Fly out, F8 (Line Drive, 8LD, EV 93.8 MPH)
Top of the 3rd over - 0 runs, 1 hit, 0 errors, 1 left on base; Indianapolis 2 - Colorado Springs 0
BOTTOM OF THE 3RD
Colorado Springs Sky Sox batting - Pitching for Indianapolis Indians : RHP Josh Markham
Batting: RHB Devine Adams 0-0: Foul Ball, location: 2F
0-1: Fly out, F7 (Flyball, 7LSF, EV 96.2 MPH)
Batting: LHB Steve Gilliam 0-0: Foul Ball, location: 2F
0-1: Ball
1-1: Ball
2-1: Ball
3-1: Ground out U3 (Groundball, 13, EV 91.9 MPH)
Batting: RHB Ryan Rinaldi 0-0: Called Strike
0-1: Ball
1-1: Called Strike
1-2: Foul Ball, location: 2F
1-2: Ball
2-2: SINGLE (Groundball, P, EV 85.0 MPH) (infield hit)
Batting: LHB Chris Salim 0-0: Ball
1-0: Fly out, F9 (Flyball, 9D, EV 81.9 MPH)
Bottom of the 3rd over - 0 runs, 1 hit, 0 errors, 1 left on base; Indianapolis 2 - Colorado Springs 0
TOP OF THE 4TH
Indianapolis Indians batting - Pitching for Colorado Springs Sky Sox : RHP Dave Spriggs
Batting: RHB Ron Corn 0-0: Ground out 5-3 (Groundball, 5, EV 84.4 MPH)
Batting: RHB Caleb Russell 0-0: Ball
1-0: Called Strike
1-1: Called Strike
1-2: Foul Ball, location: 2F
1-2: Ball
2-2: Foul Ball, location: 2F
2-2: Strikes out swinging
Batting: RHB Richard Barrios 0-0: Called Strike
0-1: Swinging Strike
0-2: Strikes out swinging
Top of the 4th over - 0 runs, 0 hits, 0 errors, 0 left on base; Indianapolis 2 - Colorado Springs 0
BOTTOM OF THE 4TH
Colorado Springs Sky Sox batting - Pitching for Indianapolis Indians : RHP Josh Markham
Batting: SHB Bobby Santor 0-0: Ball
1-0: Ball
2-0: Ball
3-0: Called Strike
3-1: Called Strike
3-2: Ground out 4-3 (Groundball, 4, EV 81.9 MPH)
Batting: SHB Andy Vivas 0-0: Swinging Strike
0-1: Ball
1-1: Ball
2-1: SINGLE (Groundball, 3D, EV 106.2 MPH)
Batting: SHB Chris Besselman 0-0: Fly out, F8 (Flyball, 8RD, EV 104.4 MPH)
Batting: RHB Justin Williams 0-0: Swinging Strike
0-1: Swinging Strike
0-2: Ball
1-2: Strikes out swinging
Bottom of the 4th over - 0 runs, 1 hit, 0 errors, 1 left on base; Indianapolis 2 - Colorado Springs 0
TOP OF THE 5TH
Indianapolis Indians batting - Pitching for Colorado Springs Sky Sox : RHP Dave Spriggs
Batting: RHB Keiji Nakajima 0-0: Ball
1-0: Foul Ball, location: 2F
1-1: Ground out 5-3 (Groundball, 56S, EV 88.1 MPH)
Batting: RHB Slamet Pamungkas 0-0: Foul Ball, location: 2F
0-1: Swinging Strike
0-2: Foul Ball, location: 2F
0-2: Ground out 4-3 (Groundball, 4, EV 89.4 MPH)
Batting: RHB Andrew Robinson 0-0: Ball
1-0: SINGLE (Groundball, P, EV 88.1 MPH) (infield hit)
Batting: RHB Chris Pozzi 0-0: Ball
1-0: Ball
2-0: Ball
3-0: Base on Balls
Andrew Robinson to second
Batting: RHB Luis Ramos 0-0: Ball
1-0: Foul Ball, location: 2F
1-1: Ball
2-1: Ball
3-1: Called Strike
3-2: Foul Ball, location: 2F
3-2: Ground out 5-3 (Groundball, 5, EV 95.0 MPH)
Top of the 5th over - 0 runs, 1 hit, 0 errors, 2 left on base; Indianapolis 2 - Colorado Springs 0
BOTTOM OF THE 5TH
Colorado Springs Sky Sox batting - Pitching for Indianapolis Indians : RHP Josh Markham
Batting: RHB Heitaro Tanaka 0-0: Ball
1-0: Swinging Strike
1-1: Fly out, F7 (Line Drive, 7S, EV 95.6 MPH)
Batting: RHB Devine Adams 0-0: Called Strike
0-1: Swinging Strike
0-2: Ground out 3-1 (Groundball, 34, EV 91.2 MPH)
Batting: LHB Steve Gilliam 0-0: Called Strike
0-1: Foul Ball, location: 2F
0-2: Ball
1-2: Ground out 6-3 (Groundball, 6MS, EV 90.6 MPH)
Bottom of the 5th over - 0 runs, 0 hits, 0 errors, 0 left on base; Indianapolis 2 - Colorado Springs 0
TOP OF THE 6TH
Indianapolis Indians batting - Pitching for Colorado Springs Sky Sox : RHP Dave Spriggs
Batting: LHB Jorge Quintana 0-0: Ball
1-0: Foul Ball, location: 2F
1-1: Foul Ball, location: 2F
1-2: Ball
2-2: Hit by Pitch
Pitching: RHP Victor Castillo
Batting: RHB Ron Corn 0-0: Called Strike
Jorge Quintana steals 2nd, throwing error, E2
Jorge Quintana to third
0-1: Foul Ball, location: 2F
0-2: Ball
1-2: 2-RUN HOME RUN (Flyball, 7LD, EV 96.9 MPH), Distance : 375 ft
Batting: RHB Caleb Russell 0-0: Called Strike
0-1: Ground out U3 (Groundball, 23, EV 82.5 MPH)
Batting: RHB Richard Barrios 0-0: Ball
1-0: Swinging Strike
1-1: Ball
2-1: Ball
3-1: Called Strike
3-2: Foul Ball, location: 2F
3-2: Strikes out looking
Batting: RHB Keiji Nakajima 0-0: Called Strike
0-1: Ball
1-1: Reached on error, E6 (Groundball, 6, EV 103.8 MPH)
Batting: RHB Slamet Pamungkas 0-0: Ground out U3 (Groundball, 3, EV 78.1 MPH)
Top of the 6th over - 2 runs, 1 hit, 2 errors, 1 left on base; Indianapolis 4 - Colorado Springs 0
BOTTOM OF THE 6TH
Colorado Springs Sky Sox batting - Pitching for Indianapolis Indians : RHP Josh Markham
Batting: RHB Ryan Rinaldi 0-0: Ball
1-0: Ball
2-0: Ball
3-0: Called Strike
3-1: Fly out, F9 (Flyball, 89M, EV 80.0 MPH)
Batting: LHB Chris Salim 0-0: Ball
1-0: Foul Ball, location: 2F
1-1: SINGLE (Flyball, 9LS, EV 93.8 MPH)
Batting: SHB Bobby Santor 0-0: Ball
1-0: Ground out 4-3 (Groundball, 13, EV 95.0 MPH)
Chris Salim to second
Batting: SHB Andy Vivas 0-0: Ball
1-0: Ball
2-0: Ball
Wild Pitch!
Chris Salim to third
3-0: Called Strike
3-1: Called Strike
3-2: Base on Balls
Batting: SHB Chris Besselman 0-0: Ball
1-0: Ball
2-0: Ball
3-0: Base on Balls
Andy Vivas to second
Batting: RHB Justin Williams 0-0: Swinging Strike
0-1: Swinging Strike
0-2: Strikes out swinging
Bottom of the 6th over - 0 runs, 1 hit, 0 errors, 3 left on base; Indianapolis 4 - Colorado Springs 0
TOP OF THE 7TH
Indianapolis Indians batting - Pitching for Colorado Springs Sky Sox : RHP Victor Castillo
Batting: RHB Andrew Robinson 0-0: Ball
1-0: Called Strike
1-1: Called Strike
1-2: Strikes out swinging
Batting: RHB Chris Pozzi 0-0: Fly out, F9 (Flyball, 9, EV 74.4 MPH)
Batting: RHB Luis Ramos 0-0: Ball
1-0: Ground out 5-3 (Groundball, 56, EV 78.1 MPH)
Top of the 7th over - 0 runs, 0 hits, 0 errors, 0 left on base; Indianapolis 4 - Colorado Springs 0
BOTTOM OF THE 7TH
Colorado Springs Sky Sox batting - Pitching for Indianapolis Indians : RHP Josh Markham
Pitching: RHP Justin Jones
Batting: RHB Heitaro Tanaka 0-0: Ground out U3 (Groundball, 23, EV 79.4 MPH)
Batting: RHB Devine Adams 0-0: Called Strike
0-1: Ground out 5-3 (Groundball, 56S, EV 66.2 MPH)
Batting: LHB Steve Gilliam 0-0: Called Strike
0-1: Ball
1-1: Swinging Strike
1-2: Foul Ball, location: 2F
1-2: Foul Ball, location: 2F
1-2: Ball
2-2: Foul Ball, location: 2F
2-2: Fly out, F9 (Flyball, 9D, EV 96.2 MPH)
Bottom of the 7th over - 0 runs, 0 hits, 0 errors, 0 left on base; Indianapolis 4 - Colorado Springs 0
TOP OF THE 8TH
Indianapolis Indians batting - Pitching for Colorado Springs Sky Sox : RHP Victor Castillo
Batting: LHB Jorge Quintana 0-0: Ball
1-0: Fly out, F7 (Flyball, 78XD, EV 85.6 MPH)
Batting: RHB Ron Corn 0-0: Called Strike
0-1: Swinging Strike
0-2: Ball
1-2: SOLO HOME RUN (Flyball, 7D, EV 105.0 MPH), Distance : 392 ft
Batting: RHB Caleb Russell 0-0: Called Strike
0-1: Ground out 6-3 (Groundball, 6, EV 111.9 MPH)
Batting: RHB Richard Barrios 0-0: Called Strike
0-1: Called Strike
0-2: Ball
1-2: Fly out, F7 (Line Drive, 7D, EV 85.6 MPH)
Top of the 8th over - 1 run, 1 hit, 0 errors, 0 left on base; Indianapolis 5 - Colorado Springs 0
BOTTOM OF THE 8TH
Colorado Springs Sky Sox batting - Pitching for Indianapolis Indians : RHP Justin Jones
Batting: RHB Ryan Rinaldi 0-0: Foul Ball, location: 2F
0-1: Ball
1-1: Ball
2-1: Ball
3-1: Called Strike
3-2: Strikes out looking
Batting: LHB Chris Salim 0-0: Called Strike
0-1: Foul Ball, location: 2F
0-2: SINGLE (Line Drive, 5D, EV 99.4 MPH)
Batting: SHB Bobby Santor 0-0: Called Strike
0-1: Fielders Choice at 2nd, 5-4 (Groundball, 56S, EV 83.1 MPH)
Batting: SHB Andy Vivas 0-0: Ball
1-0: Ground out 4-3 (Groundball, 34, EV 101.2 MPH)
Bottom of the 8th over - 0 runs, 1 hit, 0 errors, 1 left on base; Indianapolis 5 - Colorado Springs 0
TOP OF THE 9TH
Indianapolis Indians batting - Pitching for Colorado Springs Sky Sox : RHP Victor Castillo
Batting: RHB Keiji Nakajima 0-0: Ball
1-0: Ball
2-0: Ball
3-0: Called Strike
3-1: SINGLE (Groundball, 6MS, EV 65.6 MPH) (infield hit)
Batting: RHB Slamet Pamungkas 0-0: Ball
1-0: Foul Ball, location: 2F
1-1: Ball
2-1: Ball
3-1: SINGLE (Groundball, 6M, EV 95.0 MPH)
Keiji Nakajima to second
Runner from 2nd tries for 3rd, SAFE after rundown.
Batting: RHB Andrew Robinson 0-0: Ball
1-0: Foul Ball, location: 2F
1-1: Ball
Slamet Pamungkas steals 2nd base
2-1: Ball
3-1: Called Strike
3-2: Foul Ball, location: 2F
3-2: Ground out 5-3 (Groundball, 5S, EV 85.0 MPH)
Pitching: LHP Steve Ransom
Batting: RHB Chris Pozzi 0-0: Ball
1-0: Ball
2-0: Foul Ball, location: 2F
2-1: Foul Ball, location: 2F
2-2: Ball
3-2: SINGLE (Flyball, 9S, EV 95.0 MPH)
Keiji Nakajima scores
Slamet Pamungkas to third
Runner from 3rd tries for Home, SAFE, throw by RF to home
Pinch Hitting: RHB Freddy Quintero 0-0: Ball
1-0: Ball
2-0: Ball
3-0: Foul Ball, location: 2F
3-1: Grounds into double play, 6-4-3 (Groundball, 6, EV 80.6 MPH)
Top of the 9th over - 2 runs, 3 hits, 0 errors, 0 left on base; Indianapolis 7 - Colorado Springs 0
BOTTOM OF THE 9TH
Colorado Springs Sky Sox batting - Pitching for Indianapolis Indians : RHP Justin Jones
Now in LF: Etsuro Hosokawa
Now in CF: Jorge Quintana
Batting: SHB Chris Besselman 0-0: Called Strike
0-1: Ball
1-1: Ball
2-1: Ground out U3 (Groundball, 34S, EV 90.6 MPH)
Batting: RHB Justin Williams 0-0: Fly out, F8 (Flyball, 8LD, EV 108.8 MPH)
Batting: RHB Heitaro Tanaka 0-0: Ball
1-0: Fly out, F4 (Line Drive, 4M, EV 61.2 MPH)
Bottom of the 9th over - 0 runs, 0 hits, 0 errors, 0 left on base; Indianapolis 7 - Colorado Springs 0
Thursday, December 15th , 2022 - OOTP Baseball 23.9 Build 102